[Event "Late-Titled-Tuesday-Blitz-June-18-2024"]
[Site "Chess.com"]
[Date "2024.06.18"]
[Round "8"]
[White "Alina_Gumerovna"]
[Black "ToddBryant"]
[Result "0-1"]
[WhiteElo "2200"]
[BlackElo "2371"]
[TimeControl "180+1"]
[EndTime "15:28:34 PDT"]
[Termination "ToddBryant won by resignation"]

1. e4 c5 2. a3 g6 3. c4 Bg7 4. Nc3 Nc6 5. g3 d6 6. Bg2 Nf6 7. Nge2 O-O 8. O-O Rb8 9. Rb1 a6 10. b4 cxb4 11. axb4 b5 12. cxb5 axb5 13. d4 Bg4 14. e5 dxe5 15. Bxc6 exd4 16. Qxd4 Qc8 17. Bg2 Rd8 18. Qe3 Bf5 19. Be4 Ng4 20. Qf3 Ne5 21. Qg2 Bh3 22. Qh1 Bxf1 23. Kxf1 Qc4 24. Kg1 Nd3 25.
Be3 Bxc3 26. Bxd3 Qxd3 27. Nxc3 Qxc3 28. Qf3 Rd3 29. h4 Rbd8 30. Kg2 Qf6 31. Kh2 Qxf3 0-1

[Event "Late-Titled-Tuesday-Blitz-June-18-2024"]
[Site "Chess.com"]
[Date "2024.06.18"]
[Round "8"]
[White "Oleksandr_Bortnyk"]
[Black "JoakimVonAnd"]
[Result "1-0"]
[WhiteElo "3051"]
[BlackElo "2746"]
[TimeControl "180+1"]
[EndTime "15:28:36 PDT"]
[Termination "Oleksandr_Bortnyk won on time"]

1. e4 c6 2. d4 d5 3. Nc3 dxe4 4. Nxe4 Bf5 5. Ng3 Bg6 6. h4 h6 7. Nh3 e6 8. Nf4 Bh7 9. Nfh5 Nd7 10. c3 Ngf6 11.
Bc4 Nxh5 12. Nxh5 Nf6 13. Bf4 Nxh5 14. Qxh5 Bd6 15. Be5 Bg6 16. Qe2 Bxe5 17. Qxe5 Qf6 18. Qg3 O-O-O 19. O-O Bf5 20. Rfe1 g5 21. h5 Qe7 22.
Re5 Qc7 23. Rae1 Rhg8 24. b4 Kb8 25. a4 Rge8 26. Qf3 g4 27. Qe3 Rg8 28. Qxh6 Rh8 29. Qg5 Rdg8 30. Qh4 Qd8 31. Qxd8+ Rxd8 32. Rxf5 exf5 33.
Bxf7 Rdf8 34. Bg6 Kc7 35. Re7+ Kc8 36. Re5 Kc7 37. Re7+ Kc8 38. a5 a6 39. Re5 Kc7 40. Kh2 f4 41. Rg5 g3+ 42. fxg3 fxg3+ 43. Kxg3 Rf1 44.
Re5 Rc1 45. Re3 Kd6 46. Kh4 Rg1 47. g4 Rh1+ 48. Kg5 Rf1 49. h6 Rh1 50. h7 Rf8 51. Bh5 Rhf1 52. Kh6 R1f6+ 53. Kg7 Rf4 54. h8=Q 1-0

[Event "Late-Titled-Tuesday-Blitz-June-18-2024"]
[Site "Chess.com"]
[Date "2024.06.18"]
[Round "8"]
[White "santosalberto1987"]
[Black "Kaustubh_Kodihalli"]
[Result "1/2-1/2"]
[WhiteElo "2565"]
[BlackElo "2390"]
[TimeControl "180+1"]
[EndTime "15:28:38 PDT"]
[Termination "Game drawn - insufficient material"]

1. e4 c5 2. Nf3 Nc6 3. Nc3 e5 4. Bc4 d6 5. d3 Be7 6. Nd2 Nf6 7. Nf1 O-O 8. Bg5 Be6 9. Ne3 Na5 10.
O-O h6 11. Bxf6 Bxf6 12. Ncd5 Nc6 13. c3 a6 14. a4 Bg5 15. g3 Bxe3 16. Nxe3 Ne7 17.
f4 exf4 18. Rxf4 d5 19. exd5 Nxd5 20. Nxd5 Bxd5 21. Bxd5 Qxd5 22. Qf3 Rad8 23. Rf1 Qxf3 24. R1xf3 Rd7 25. Kf2 Rfd8 26. Ke2 g6 27. a5 Re7+ 28. Kd2 Rde8 29. Rf2 Kg7 30. Rc4 Re5 31. Rcf4 R8e7 32.
g4 h5 33. h3 hxg4 34. hxg4 Rd7 35. Kc2 Red5 36. R2f3 Re5 37. Kd2 Rde7 38. Rf2 Rd7 39. Re2 Rxe2+ 40. Kxe2 Rd5 41. Ke3 f5 42. gxf5 gxf5 43.
b4 Kf6 44. bxc5 Rxc5 45. Rb4 Rxc3 46. Rxb7 Ra3 47. Rb6+ Ke5 48. Rxa6 f4+ 49. Ke2 f3+ 50. Kxf3 Rxd3+ 51. Ke2 Ra3 52. Ra8 Kd6 53. Kd2 Kc6 54.
Kc2 Kb5 55. Rb8+ Kxa5 56. Ra8+ Kb4 57. Rxa3 Kxa3 1/2-1/2

[Event "Late-Titled-Tuesday-Blitz-June-18-2024"]
[Site "Chess.com"]
[Date "2024.06.18"]
[Round "8"]
[White "sansanathalia"]
[Black "Colombiano07"]
[Result "0-1"]
[WhiteElo "2441"]
[BlackElo "2342"]
[TimeControl "180+1"]
[EndTime "15:28:39 PDT"]
[Termination "Colombiano07 won by resignation"]

1. e4 c5 2. Nf3 Nc6 3. c3 d5 4.
exd5 Qxd5 5. d4 Bf5 6. Be3 cxd4 7. cxd4 Bxb1 8. Rxb1 e6 9. a3 Nf6 10. h3 Bd6 11. Bd3 O-O 12. O-O Rad8 13. Qc2 e5 14. Bc4 Qe4 15. Qxe4 Nxe4 16. dxe5 Nxe5 17. Nxe5 Bxe5 18.
Rfd1 b6 19. Bd5 Nf6 20. Bb3 Rfe8 21. Ba4 Rf8 22. Rxd8 Rxd8 23. b4 Rd3 24. Rd1 Rxd1+ 25. Bxd1 Nd5 26. Bd2 Bb2 27. a4 Bc3 28. Bxc3 Nxc3 29.
Bb3 Kf8 30. Kf1 f6 31. f3 Ke7 32. Ke1 Kd6 33. Kd2 Nd5 34. Bxd5 Kxd5 35. Kd3 g5 36. g3 f5 37. g4 fxg4 38. hxg4 a6 39. Kc3 b5 40. axb5 axb5 41. Kd3 h6 42. Ke3 Kc4 43.
f4 gxf4+ 44. Kxf4 Kxb4 45. Kf5 Kc5 46. Kg6 b4 47. Kxh6 b3 48. g5 b2 49. g6 b1=Q 50.
Kh7 Kd6 51. Kh6 Ke7 0-1

[Event "Late-Titled-Tuesday-Blitz-June-18-2024"]
[Site "Chess.com"]
[Date "2024.06.18"]
[Round "8"]
[White "fabianvivasz"]
[Black "aexmi"]
[Result "0-1"]
[WhiteElo "2459"]
[BlackElo "2289"]
[TimeControl "180+1"]
[EndTime "15:28:39 PDT"]
[Termination "aexmi won by resignation"]

1. e4 c5 2. Nc3 g6 3. d4 cxd4 4. Qxd4 Nf6 5. Bb5 Nc6 6. Bxc6 dxc6 7. Qxd8+ Kxd8 8. Bf4 Bg7 9. O-O-O+ Nd7 10. Nge2 e5 11. Be3 Ke7 12. h4 Nf6 13. f4 Ng4 14. Bc5+ Ke8 15.
h5 b6 16. Bg1 Be6 17. Rf1 Rd8 18. f5 gxf5 19. exf5 Bc4 20. Rh4 Bh6+ 21. Kb1 Rg8 22. b3 Ba6 23. Re1 Rd2 24. Kb2 Bd3 25. Nd4 Kd7 26. Nf3 Rxc2+ 27. Ka1 f6 28. Rd1 Rxc3 29.
Kb2 Rc2+ 30. Ka1 e4 31. Be3 0-1

[Event "Late-Titled-Tuesday-Blitz-June-18-2024"]
[Site "Chess.com"]
[Date "2024.06.18"]
[Round "8"]
[White "slidingknight2775"]
[Black "stollenmonster"]
[Result "1-0"]
[WhiteElo "2716"]
[BlackElo "2886"]
[TimeControl "180+1"]
[EndTime "15:28:43 PDT"]
[Termination "slidingknight2775 won by resignation"]

1. d4 Nf6 2. c4 e6 3. Nc3 d5 4.
Bg5 Be7 5. e3 Ne4 6. Bxe7 Qxe7 7.
Qc2 f5 8. cxd5 Nxc3 9. bxc3 exd5 10. c4 Be6 11. Nf3 Nc6 12. c5 f4 13. Bb5 fxe3 14.
Bxc6+ bxc6 15. fxe3 O-O 16. O-O Bf5 17. Qd2 Be4 18.
Ne5 Qg5 19. Nxc6 h5 20. Ne5 h4 21. h3 Qg3 22. Rxf8+ Rxf8 23. Rf1 Rf6 24. Rxf6 gxf6 25. Ng4 f5 26. Ne5 Kg7 27. Qf2 Kf6 28. Nf3 Bxf3 29. Qxg3 hxg3 30. gxf3 Kg5 31. Kg2 Kh4 32. c6 a6 33. a3 a5 34. a4 1-0

[Event "Late-Titled-Tuesday-Blitz-June-18-2024"]
[Site "Chess.com"]
[Date "2024.06.18"]
[Round "8"]
[White "Mysterio47"]
[Black "DryCounty"]
[Result "1-0"]
[WhiteElo "2843"]
[BlackElo "2668"]
[TimeControl "180+1"]
[EndTime "15:28:44 PDT"]
[Termination "Mysterio47 won on time"]

1. e4 e5 2. Nf3 Nc6 3. Bc4 Nf6 4. d3 Be7 5. O-O O-O 6. Re1 d6 7. a4 Na5 8. Ba2 c5 9. Nc3 Be6 10. Bg5 Bxa2 11. Rxa2 Nc6 12. Bxf6 Bxf6 13. Nd5 g6 14. c3 Bg7 15. b4 Ne7 16. Qb3 b6 17. b5 Kh8 18. a5 Nxd5 19. Qxd5 bxa5 20. Rea1 Rb8 21.
Rxa5 a6 22. Rxa6 Rxb5 23. Rxd6 Qa5 24. Rf1 Qxc3 25. Ng5 Qb3 26. h4 h6 27. Nf3 Qxd5 28.
Rxd5 Rb3 29. Rc1 Rc8 30. Nd2 Rb6 31. Rcxc5 Rxc5 32. Rxc5 Rd6 33. Rc8+ Kh7 34. Rc3 f5 35. Kf1 Bf6 36. g3 Kg7 37. Rc7+ Kf8 38. Ke2 Ra6 39. Nc4 Ra4 40. Kf3 Kg8 41. Rc6 Kg7 42.
Nd6 Be7 43. Nc8 Bf6 44. Rc7+ Kf8 45. Nd6 Be7 46. Nc4 Bf6 47. h5 fxe4+ 48. Kxe4 gxh5 49.
Kf5 Bg5 50. Nxe5 Ra2 51. f4 Bd8 52. Rc8 Ke7 53. Nc6+ Kd7 54. Rxd8+ Kxc6 55. Rh8 Rg2 56. Rxh6+ Kd5 57. Rg6 h4 58. gxh4 1-0

[Event "Late-Titled-Tuesday-Blitz-June-18-2024"]
[Site "Chess.com"]
[Date "2024.06.18"]
[Round "8"]
[White "AlexeiShirov"]
[Black "vi_pranav"]
[Result "1-0"]
[WhiteElo "2877"]
[BlackElo "3022"]
[TimeControl "180+1"]
[EndTime "15:28:45 PDT"]
[Termination "AlexeiShirov won by resignation"]

1. e4 e5 2. Nf3 Nc6 3. Bb5 a6 4. Ba4 Nf6 5. O-O b5 6. Bb3 Bc5 7. a4 Rb8 8. c3 d6 9. d4 Bb6 10. a5 Ba7 11. h3 O-O 12. Be3 Ra8 13. Nbd2 h6 14. Re1 Re8 15. Nf1 Bb7 16. Ng3 exd4 17.
cxd4 Ne7 18. d5 c5 19. dxc6 Bxc6 20. Bxa7 Rxa7 21. Nd4 Ba8 22. Qd2 Rd7 23. Rad1 Ng6 24. Ndf5 d5 25. Qc3 Qc7 26. Nxh6+ Kh7 27. Nhf5 dxe4 28.
Rxd7 Qxd7 29. Nxg7 Re5 30. Rd1 Qc6 31. N7f5 Rc5 32.
Qe3 Ng8 33. Bxf7 Re5 34. Bxg8+ Kxg8 35. Qh6 Qf6 36. Rd8+ Kf7 37. Qh7+ 1-0

[Event "Late-Titled-Tuesday-Blitz-June-18-2024"]
[Site "Chess.com"]
[Date "2024.06.18"]
[Round "8"]
[White "Patricius007"]
[Black "Masterisback04"]
[Result "1-0"]
[WhiteElo "2552"]
[BlackElo "2135"]
[TimeControl "180+1"]
[EndTime "15:28:46 PDT"]
[Termination "Patricius007 won on time"]

1. e4 c5 2. Nf3 Nc6 3. Bb5 e6 4. Bxc6 bxc6 5. b3 Ne7 6. Bb2 d5 7. d3 dxe4 8. dxe4 Qxd1+ 9. Kxd1 f6 10. Ke2 Ba6+ 11. c4 Rb8 12. Nc3 Bxc4+ 13. Kd2 Ba6 14. e5 c4 15. exf6 gxf6 16. Ne4 Bh6+ 17. Kc2 Nd5 18. Nxf6+ Nxf6 19. Bxf6 Rg8 20. Be5 Rxg2 21. Bxb8 Rxf2+ 22. Kc3 Rxf3+ 23. Kb4 Bd2+ 24. Ka3 c3 25. Bxa7 e5 26. Bc5 Kd7 27. Rhg1 Ke6 28. Bb4 Kd5 29. Rg7 Bb5 30. Rd7+ Ke4 31. Rxh7 Rf2 32. h4 Kd4 33. Rd7+ Ke4 34. Rh1 Rh2 35. Bxc3 Rxh1 36. Rxd2 Rxh4 37.
Rd1 Kf5 38. Re1 e4 39. Kb4 Bd3 40. Kc5 Rh2 41. a4 Bc2 42. Kb4 Bd3 43. a5 Ra2 44. Kc5 1-0

[Event "Late-Titled-Tuesday-Blitz-June-18-2024"]
[Site "Chess.com"]
[Date "2024.06.18"]
[Round "8"]
[White "baki83"]
[Black "GMG"]
[Result "0-1"]
[WhiteElo "2812"]
[BlackElo "2704"]
[TimeControl "180+1"]
[EndTime "15:28:48 PDT"]
[Termination "GMG won by resignation"]

1. e4 c6 2. Nf3 d5 3. Nc3 dxe4 4. Nxe4 Nf6 5. Qe2 Na6 6. Nxf6+ gxf6 7. g3 Bg4 8. Bg2 Qd7 9. h3 Bf5 10. d3 O-O-O 11.
a3 e6 12. b4 Nc7 13. Bb2 Be7 14. Nd4 Bg6 15. O-O h5 16. h4 f5 17. Nf3 f6 18.
a4 f4 19. b5 fxg3 20. fxg3 c5 21. Nd2 Nd5 22. Nc4 Rhg8 23. Rae1 Bf5 24. Rxf5 exf5 25. Qf3 f4 26. b6 Nxb6 27. Nxb6+ axb6 28. gxf4 Rg4 29. Kf1 f5 30. a5 bxa5 31. Bh3 Bxh4 32. Re5 Qb5 33. Qe3 Qxb2 0-1

[Event "Late-Titled-Tuesday-Blitz-June-18-2024"]
[Site "Chess.com"]
[Date "2024.06.18"]
[Round "8"]
[White "harshu27"]
[Black "traviscottofficial"]
[Result "1-0"]
[WhiteElo "2568"]
[BlackElo "2742"]
[TimeControl "180+1"]
[EndTime "15:28:49 PDT"]
[Termination "harshu27 won by checkmate"]

1. d4 d5 2. Bf4 c6 3. c4 Nf6 4. Nc3 a6 5. c5 Nh5 6. Bd2 e5 7. dxe5 Bxc5 8. e4 g6 9. exd5 O-O 10. Qf3 Re8 11. O-O-O Rxe5 12. g4 Nf6 13. Qg3 Rxd5 14. Nxd5 Nxd5 15. Bg2 Be6 16. Ne2 Nd7 17. Nf4 Nxf4 18.
Qxf4 Bxa2 19. Bc3 Bf8 20. Rxd7 Qxd7 21. Qf6 Bh6+ 22. Kc2 Kf8 23. Qh8+ Ke7 24. Re1+ Be6 25. Qxa8 Bf4 26. Qh8 g5 27. Qf6+ Ke8 28. Rd1 Qe7 29. Qh8+ Qf8 30. Rd8+ Kxd8 31. Qxf8+ Kd7 32. Bf6 Bd6 33.
Qd8# 1-0

[Event "Late-Titled-Tuesday-Blitz-June-18-2024"]
[Site "Chess.com"]
[Date "2024.06.18"]
[Round "8"]
[White "cakeuvdort"]
[Black "PNEPaul"]
[Result "1-0"]
[WhiteElo "2310"]
[BlackElo "1963"]
[TimeControl "180+1"]
[EndTime "15:28:49 PDT"]
[Termination "cakeuvdort won on time"]

1. e4 e5 2. Nc3 Nc6 3. Nf3 Be7 4.
Bc4 Nf6 5. d3 O-O 6. O-O d6 7.
a4 Bg4 8. h3 Bh5 9. Be3 Nd4 10.
Bxd4 exd4 11. Nb1 c6 12. g4 Nxg4 13. hxg4 Bxg4 14. Nbd2 d5 15. exd5 cxd5 16. Bb3 f5 17.
Qe1 Qd6 18. Qe5 Qg6 19. Qxd5+ Kh8 20. Ne5 Qg5 21. Nxg4 Qxd2 22. Ne5 Rf6 23. f4 Qe3+ 24.
Rf2 Qg3+ 25. Kf1 Qh3+ 26. Ke2 Qe3+ 27. Kf1 Qh3+ 28. Qg2 1-0

[Event "Late-Titled-Tuesday-Blitz-June-18-2024"]
[Site "Chess.com"]
[Date "2024.06.18"]
[Round "8"]
[White "Laico"]
[Black "BerlinDrawer"]
[Result "0-1"]
[WhiteElo "2449"]
[BlackElo "2589"]
[TimeControl "180+1"]
[EndTime "15:28:50 PDT"]
[Termination "BerlinDrawer won by resignation"]

1. e4 c6 2. Nc3 d5 3. d4 dxe4 4. Nxe4 Bf5 5. Ng3 Bg6 6. f4 e6 7. Nf3 Nf6 8. Ne5 c5 9. Nxg6 hxg6 10. Be3 cxd4 11. Qxd4 Qxd4 12. Bxd4 Nc6 13. Bxf6 gxf6 14.
O-O-O Bh6 15. Ne2 Rd8 16. Rxd8+ Kxd8 17. g3 Kc7 18. Bg2 a6 19. Rd1 f5 20. Kd2 Bg7 21.
c3 Rxh2 22. Bf3 Na5 23. b3 Nc6 24. Ke3 Bf6 25. Rd2 Rh8 26. Rd1 g5 27. Kf2 gxf4 28. gxf4 Ne7 29. c4 Ng6 30. Kg3 Bh4+ 31. Kg2 Bf6 32. Kg3 Rg8 33. Kh3 Be7 34. Rd3 Bd6 35. Bh5 Rh8 36. Kg3 Rxh5 37. Kf3 Rh4 0-1

[Event "Late-Titled-Tuesday-Blitz-June-18-2024"]
[Site "Chess.com"]
[Date "2024.06.18"]
[Round "8"]
[White "GHANDEEVAM2003"]
[Black "Grischuk"]
[Result "0-1"]
[WhiteElo "2987"]
[BlackElo "3134"]
[TimeControl "180+1"]
[EndTime "15:28:55 PDT"]
[Termination "Grischuk won by resignation"]

1. e4 e5 2. Nf3 Nc6 3. Bc4 Bc5 4. c3 Nf6 5. d3 d6 6. O-O a6 7. Re1 Ba7 8. a4 h6 9. b4 O-O 10. h3 Ne7 11. Be3 Bxe3 12. Rxe3 a5 13. b5 Ng6 14.
d4 c6 15. dxe5 dxe5 16. Qxd8 Rxd8 17. Nbd2 Kf8 18. Rb1 Ke7 19. Kf1 Nd7 20. Rd3 Nf4 21. Re3 f6 22. bxc6 bxc6 23. h4 Nc5 24. g3 Bh3+ 25. Kg1 Nfe6 26. Ra1 Rab8 27. Be2 Nb3 28. Ra2 Nec5 29. Nc4 Be6 30. Bf1 Rd1 31. Re1 Rbd8 32. Rb2 Rxe1 33. Nxe1 Rd1 0-1

[Event "Late-Titled-Tuesday-Blitz-June-18-2024"]
[Site "Chess.com"]
[Date "2024.06.18"]
[Round "8"]
[White "sammartin99"]
[Black "pompey831"]
[Result "0-1"]
[WhiteElo "2373"]
[BlackElo "2522"]
[TimeControl "180+1"]
[EndTime "15:28:56 PDT"]
[Termination "pompey831 won on time"]

1. d4 Nf6 2. c4 c5 3. d5 b5 4. cxb5 a6 5. b6 d6 6. Nc3 Nbd7 7. e4 g6 8. Nf3 Bg7 9. Be2 O-O 10. O-O a5 11. a4 Qxb6 12. Nd2 Ba6 13. Nb5 Qd8 14. Qc2 Nb6 15. Nc4 Nxc4 16. Bxc4 Ne8 17.
Bg5 Qd7 18. Rfe1 Nc7 19. Na3 Rfb8 20. h3 Bxb2 21. Ra2 Bxa3 22. Rxa3 f6 23. Bd2 Bxc4 24. Qxc4 Na6 25. h4 Nb4 26. h5 g5 27. h6 Kf7 28. f4 gxf4 29. Bxf4 Rg8 30. Rf3 Rg4 31.
e5 dxe5 32. d6+ e6 33. Qe4 Rh8 34. Bxe5 Rxe4 35. Rxf6+ Ke8 36. Rxe4 Rf8 37. Rxf8+ Kxf8 38. Rf4+ Ke8 39. Rg4 Qxa4 40. Rg8+ Kd7 41. Rg7+ Kc6 42. Rc7+ Kb6 43. d7 Qd1+ 44. Kh2 Nc6 45. Bg3 e5 0-1

[Event "Late-Titled-Tuesday-Blitz-June-18-2024"]
[Site "Chess.com"]
[Date "2024.06.18"]
[Round "8"]
[White "marszach123"]
[Black "SocoLoco"]
[Result "0-1"]
[WhiteElo "1930"]
[BlackElo "2171"]
[TimeControl "180+1"]
[EndTime "15:28:56 PDT"]
[Termination "SocoLoco won on time"]

1. e4 c5 2. Nf3 e6 3. c3 d5 4. exd5 Qxd5 5. d4 cxd4 6. cxd4 Nf6 7. Nc3 Qd6 8. Nb5 Qd8 9. a4 a6 10. Nc3 Be7 11. Bf4 O-O 12. Be5 Nc6 13. Be2 Nb4 14. O-O Nbd5 15. Qc2 Bd7 16. Qb3 Bc6 17. Rad1 Qa5 18.
Bd3 Rfd8 19. Bc2 Rac8 20. Nxd5 Bxd5 21. Qd3 Be4 22. Qd2 Qxd2 23. Rxd2 Rxc2 24. Rxc2 Bxc2 25.
Rc1 Bxa4 26. Rc7 Kf8 27. Rxb7 Bc6 28. Ra7 Bxf3 29. gxf3 Nd7 30. Bc7 Rc8 31. Ba5 Ke8 32. Rxa6 Bf6 33. Bc3 Rb8 34. Ra7 Nb6 35. Kg2 Nd5 36. Ra3 Rc8 37. Be1 Bxd4 0-1

[Event "Late-Titled-Tuesday-Blitz-June-18-2024"]
[Site "Chess.com"]
[Date "2024.06.18"]
[Round "8"]
[White "KamilaHryshchenko"]
[Black "N_I_Chess"]
[Result "1-0"]
[WhiteElo "2161"]
[BlackElo "2309"]
[TimeControl "180+1"]
[EndTime "15:28:57 PDT"]
[Termination "KamilaHryshchenko won on time"]

1. e4 Nf6 2. e5 Nd5 3. d4 d6 4. Nf3 g6 5. c4 Nb6 6. Nc3 Bg7 7.
exd6 cxd6 8. h3 O-O 9. Be2 Bf5 10.
O-O d5 11. c5 Nc8 12. Be3 Nc6 13.
Qd2 e6 14. Bh6 N8e7 15. a3 Be4 16. Bxg7 Kxg7 17. Ng5 h6 18. Ngxe4 dxe4 19. Rad1 Nf5 20. d5 exd5 21. Nxd5 Qb8 22. Bc4 Qe5 23. Rfe1 Rfe8 24.
b4 a6 25. Qc2 Nfd4 26. Qb1 Qg5 27. Kh1 Qe5 28. Qb2 Rad8 29. Nc3 Kh7 30. Rxe4 Qf6 31.
Rde1 Rxe4 32. Rxe4 Nf5 33. Re1 Kg7 34. Qc1 Qd4 35. Ne4 1-0

[Event "Late-Titled-Tuesday-Blitz-June-18-2024"]
[Site "Chess.com"]
[Date "2024.06.18"]
[Round "8"]
[White "FairChess_on_YouTube"]
[Black "Bauman_Guy"]
[Result "0-1"]
[WhiteElo "3081"]
[BlackElo "2923"]
[TimeControl "180+1"]
[EndTime "15:28:58 PDT"]
[Termination "Bauman_Guy won on time"]

1. c4 Nf6 2. Nc3 e6 3. e4 d6 4. d4 g6 5. f4 Bg7 6. Nf3 b6 7. Bd3 Bb7 8. O-O O-O 9. f5 exf5 10. exf5 Nbd7 11. Bg5 h6 12. Bxf6 Qxf6 13. Nd5 Bxd5 14.
cxd5 g5 15. h3 Rae8 16. Rc1 Qd8 17. Bb5 Re4 18. Qc2 Nf6 19. Qxc7 Qxc7 20. Rxc7 Nxd5 21. Rxa7 Bxd4+ 22. Nxd4 Rxd4 23. f6 Rd2 24. Rf2 Rd1+ 25. Kh2 Kh7 26. Ba4 Rd4 27. Bc2+ Kg8 28. Bb3 Ne3 29.
Rd7 g4 30. Re2 Rd3 31. hxg4 Nxg4+ 32. Kg1 Nxf6 33. Rb7 Ng4 34. Bc2 Rc8 35. Rxb6 Rxc2 0-1

[Event "Late-Titled-Tuesday-Blitz-June-18-2024"]
[Site "Chess.com"]
[Date "2024.06.18"]
[Round "8"]
[White "GlavkonVVS"]
[Black "Abund"]
[Result "0-1"]
[WhiteElo "2529"]
[BlackElo "2676"]
[TimeControl "180+1"]
[EndTime "15:28:58 PDT"]
[Termination "Abund won by resignation"]

1. c4 e5 2. Nc3 Bb4 3. g3 Nf6 4. Bg2 O-O 5. Nf3 Re8 6. O-O c6 7. d3 h6 8. e4 d5 9. exd5 Bxc3 10. bxc3 cxd5 11. cxd5 Nxd5 12. Qb3 Nc6 13. c4 Ndb4 14. Rd1 Bf5 15. Ne1 a5 16. a3 Nd4 17. Qb2 Nbc6 18. Be3 Qd7 19. Rab1 Rab8 20. Qb6 Ne2+ 21. Kf1 Nc3 22. Bxc6 bxc6 23. Qxb8 Rxb8 24. Rxb8+ Kh7 25. Rd2 Bh3+ 26. Kg1 Qd6 27. Rb3 Na4 28. d4 exd4 29. Rxd4 Qg6 30. Rh4 Be6 31. Nd3 Qf5 32. Rd4 Qf3 33.
Ne5 Qe2 34. Kg2 Nc5 35. Rf4 Nxb3 36. Nxf7 Bxf7 37. Rxf7 Qxc4 38. Rd7 a4 39. Bf4 Qe4+ 40. f3 Qe2+ 41. Kh3 Qe6+ 0-1

[Event "Late-Titled-Tuesday-Blitz-June-18-2024"]
[Site "Chess.com"]
[Date "2024.06.18"]
[Round "8"]
[White "ArmanGhevondyanchess"]
[Black "NajdorfPlayerc5"]
[Result "1-0"]
[WhiteElo "2594"]
[BlackElo "2450"]
[TimeControl "180+1"]
[EndTime "15:28:59 PDT"]
[Termination "ArmanGhevondyanchess won on time"]

1. Nf3 Nf6 2. g3 b6 3. Bg2 Bb7 4. O-O e6 5. d4 Be7 6. b3 O-O 7. Bb2 d5 8. Ne5 c5 9. c4 Nc6 10. Nxc6 Bxc6 11. Nc3 cxd4 12. Qxd4 Bc5 13. Qf4 Rc8 14.
Rfd1 d4 15. Bxc6 Rxc6 16. Nb5 Qe8 17. Bxd4 e5 18. Bxe5 Bxf2+ 19. Kxf2 Qxe5 20. Qxe5 Ng4+ 21. Kg2 Nxe5 22. Nxa7 Re6 23. Rd2 Ng4 24. Nb5 Rfe8 25. h3 Ne3+ 26. Kh2 Nf5 27. Re1 Re3 28. Nc7 Rc8 29.
Nd5 Re5 30. Nxb6 Rce8 31. e4 h6 32. Rd5 Rxd5 33. cxd5 1-0

[Event "Late-Titled-Tuesday-Blitz-June-18-2024"]
[Site "Chess.com"]
[Date "2024.06.18"]
[Round "8"]
[White "vesalhamedinia"]
[Black "RantomOpening"]
[Result "0-1"]
[WhiteElo "2496"]
[BlackElo "2624"]
[TimeControl "180+1"]
[EndTime "15:29:02 PDT"]
[Termination "RantomOpening won by resignation"]

1. d4 d5 2. c4 c6 3. cxd5 cxd5 4. Nc3 Nc6 5. Bf4 Bf5 6. e3 e6 7. Qb3 Qd7 8. Nf3 a6 9. Ne5 Nxe5 10. Bxe5 Nf6 11.
Be2 Bd6 12. Bxd6 Qxd6 13. Qxb7 O-O 14. Qb3 Rab8 15. Qa3 Qxa3 16. bxa3 Rfc8 17. Na4 Rc2 18. Bd1 Rc4 19. O-O Ne4 20. Bb3 Rc6 21. Rfc1 Rbc8 22.
Rxc6 Rxc6 23. f3 Nc3 24. Nxc3 Rxc3 25. Re1 h5 26. e4 Bg6 27. exd5 exd5 28. Bxd5 Rd3 29.
Bc4 Rxd4 30. Bxa6 Ra4 31. Bc4 Rxc4 32. Re3 Rc1+ 33. Kf2 Rc2+ 34. Kg3 Rxa2 35. h4 Kh7 36. Kh3 Bf5+ 37. Kg3 Be6 38. Rc3 Kg6 39. Re3 Rb2 40.
Re5 Bc4 41. Rg5+ Kh6 42. Ra5 Bf1 43. Kf4 Bxg2 44. Ra7 Rb3 45. a4 Rxf3+ 46. Ke5 Rh3 47.
a5 Rxh4 48. Rxf7 Ra4 49. Ra7 h4 50. Ra6+ Kh5 51. Ra8 Kg4 0-1

[Event "Late-Titled-Tuesday-Blitz-June-18-2024"]
[Site "Chess.com"]
[Date "2024.06.18"]
[Round "8"]
[White "GM_dmitrij"]
[Black "Statham_01"]
[Result "0-1"]
[WhiteElo "3004"]
[BlackElo "2727"]
[TimeControl "180+1"]
[EndTime "15:29:06 PDT"]
[Termination "Statham_01 won on time"]

1. e4 e5 2. Nf3 Nf6 3. d4 Nxe4 4. Bd3 d5 5. dxe5 Nc5 6. Be3 Nc6 7. O-O Bg4 8. Be2 Ne6 9. c3 Be7 10. Nbd2 O-O 11.
Nb3 a5 12. a4 Qd7 13. Nbd4 Ncxd4 14. cxd4 Rad8 15. h3 Bh5 16. Rc1 c6 17. Qb3 Kh8 18.
Rfe1 Rg8 19. Qc2 Rdf8 20. Nh2 Bg6 21. Bd3 f5 22. f4 c5 23. Bb5 Qd8 24. Nf3 Bh5 25. Qf2 Bxf3 26. Qxf3 cxd4 27. Bf2 g5 28. fxg5 Nxg5 29. Qd3 f4 30. Bxd4 f3 31. Kh2 fxg2 32.
Re3 Ne6 0-1

[Event "Late-Titled-Tuesday-Blitz-June-18-2024"]
[Site "Chess.com"]
[Date "2024.06.18"]
[Round "8"]
[White "CheckBits"]
[Black "Lupul_Cenusiu"]
[Result "0-1"]
[WhiteElo "2398"]
[BlackElo "2663"]
[TimeControl "180+1"]
[EndTime "15:29:06 PDT"]
[Termination "Lupul_Cenusiu won on time"]

1. e4 c6 2. d4 d5 3. exd5 cxd5 4. Bd3 Nc6 5. c3 Nf6 6. h3 e6 7. Nf3 Be7 8. Bf4 O-O 9. O-O Bd6 10. Bxd6 Qxd6 11. Re1 Rb8 12. a4 a6 13. Qe2 Bd7 14. Nbd2 Qc7 15. Ne5 Rfc8 16. g4 Be8 17. g5 Nd7 18. f4 b5 19. Qh5 Nf8 20. axb5 axb5 21. Nxc6 Bxc6 22. Qg4 b4 23. f5 bxc3 24. bxc3 exf5 25. Bxf5 Bd7 26. Bxd7 Qxd7 27. Qxd7 Nxd7 28. Rac1 Nf8 29. Nf3 Ne6 30. Re3 Rb3 31. Kg2 Kf8 32.
Kg3 g6 33. h4 Ng7 34. Rd3 Nf5+ 35. Kf4 Nd6 36. Ne5 Nb5 0-1

[Event "Late-Titled-Tuesday-Blitz-June-18-2024"]
[Site "Chess.com"]
[Date "2024.06.18"]
[Round "8"]
[White "dolynachess"]
[Black "Chempiblinka"]
[Result "0-1"]
[WhiteElo "2535"]
[BlackElo "2393"]
[TimeControl "180+1"]
[EndTime "15:29:07 PDT"]
[Termination "Chempiblinka won on time"]

1. d4 Nf6 2. c4 g6 3. Nc3 Bg7 4. e4 d6 5. Nf3 O-O 6. Be2 Bg4 7. Be3 Nfd7 8. Rc1 c5 9. d5 Na6 10. Nd2 Bxe2 11. Qxe2 Nc7 12. O-O a6 13. f4 b5 14. e5 dxe5 15. f5 bxc4 16. Nxc4 Nb5 17. g4 Nd4 18. Qg2 Rb8 19. b3 Nb6 20. Nxb6 Qxb6 21.
Na4 Qb5 22. Nxc5 Ne2+ 23. Kh1 Nxc1 24. Rxc1 Rbc8 25. Qe4 Rfd8 26. Qc4 Bf8 27. a4 Qb6 28. b4 Qd6 29. Rd1 e6 30. fxe6 fxe6 31. Qxa6 exd5 32. Qxd6 Rxd6 33. a5 d4 34. Bf2 Rd5 35. Ne4 Kf7 0-1

[Event "Late-Titled-Tuesday-Blitz-June-18-2024"]
[Site "Chess.com"]
[Date "2024.06.18"]
[Round "8"]
[White "duone"]
[Black "teresin05"]
[Result "0-1"]
[WhiteElo "2406"]
[BlackElo "2278"]
[TimeControl "180+1"]
[EndTime "15:29:07 PDT"]
[Termination "teresin05 won by resignation"]

1. Nf3 d5 2. c4 c6 3. g3 Nf6 4. Bg2 Bf5 5. d4 h6 6. Nc3 e6 7.
O-O Be7 8. b3 O-O 9. Bb2 Nbd7 10. Nd2 a5 11. e4 dxe4 12. Ndxe4 Nxe4 13. Nxe4 Nf6 14. Nc3 Qd7 15. d5 exd5 16. cxd5 cxd5 17. Nxd5 Nxd5 18. Qxd5 Qxd5 19. Bxd5 Bc8 20. Rac1 Rd8 21. Rfd1 Ra6 22. Bf3 Rad6 23. Rxd6 Bxd6 24. Kg2 b6 25. Rc6 Bc5 26. Bc3 Bb7 27. Rxc5 Bxf3+ 28. Kxf3 bxc5 29. Bxa5 Ra8 30. Bb6 Rc8 31. a4 c4 32. bxc4 Rxc4 33.
a5 f5 34. a6 Kf7 35. a7 Ra4 36. Ke3 Ke6 37. f4 Kd5 38. Kf3 g6 39. h4 h5 40. Be3 Ra3 41. Kf2 Kc6 42. Bd4 Kb7 43.
Bc5 Rc3 44. Bd4 Rd3 45. Bc5 Rd5 46. Be3 Rd8 47. Kf3 Rd3 48. Ke2 Ra3 49. Kd2 Kc6 50. Ke2 Kd5 51. Kf2 Ke4 52. Bd2 Rxa7 53. Ke2 Ra2 54. Kd1 Kf3 55. Be1 Ra1+ 56. Kd2 Rxe1 57. Kxe1 Kxg3 58. Ke2 Kxf4 59. Kf2 Kg4 60. Kg2 Kxh4 61.
Kf2 Kg4 62. Kg2 h4 63. Kf2 h3 64. Kg1 f4 65. Kh2 f3 66. Kh1 Kg3 67. Kg1 f2+ 68.
Kf1 h2 69. Ke2 h1=Q 70. Ke3 Qf3+ 71. Kd2 f1=Q 72. Kc2 Q1e2+ 0-1